[Event "*** SCC Grand Prix: Titled Tuesday Blitz"]
[Site "Chess.com"]
[Date "2020.07.21"]
[Round "9"]
[White "CaspiIsrael"]
[Black "albano87"]
[Result "1-0"]
[WhiteElo "2610"]
[BlackElo "2407"]
[TimeControl "180+1"]
[EndTime "11:46:26 PDT"]
[Termination "CaspiIsrael won by resignation"]

1. e4 c5 2. Nf3 Nc6 3. d4 cxd4 4. Nxd4 Nf6 5. Nc3 d6 6. f3 Nxd4 7. Qxd4 g6 8. Bb5+ Bd7 9. Bxd7+ Qxd7 10. Be3 Bg7 11.
O-O-O O-O 12. Qd3 Rfc8 13. Bd4 a6 14. g4 b5 15. h4 b4 16. Ne2 a5 17. h5 a4 18. hxg6 hxg6 19. Kb1 b3 20. cxb3 axb3 21. a3 Rc2 22. Rc1 Rac8 23. Nc3 Rxc1+ 24. Rxc1 Qe6 25. Ne2 Rxc1+ 26. Nxc1 Nd7 27. Bxg7 Kxg7 28. Qxb3 Qf6 29. Qc3 Ne5 30. a4 Qe6 31. a5 f6 32. b4 Qd7 33.
Nb3 Qb5 34. Nd4 Qa4 35. Qb3 Qd7 36. b5 Qc7 37. b6 Qc5 38. Ne6+ 1-0

[Event "*** SCC Grand Prix: Titled Tuesday Blitz"]
[Site "Chess.com"]
[Date "2020.07.21"]
[Round "9"]
[White "JesseKraai"]
[Black "seorobert1971"]
[Result "0-1"]
[WhiteElo "2523"]
[BlackElo "2689"]
[TimeControl "180+1"]
[EndTime "11:46:29 PDT"]
[Termination "seorobert1971 won by resignation"]

1. Nf3 Nf6 2. c4 e6 3. g3 b6 4.
Bg2 Bb7 5. O-O c5 6. Nc3 Be7 7. d4 cxd4 8. Qxd4 O-O 9. Bg5 h6 10. Bxf6 Bxf6 11. Qf4 Bxc3 12. bxc3 Na6 13. Rfd1 Nc5 14.
a4 Rc8 15. Nd4 Bxg2 16. Kxg2 Qc7 17. Qxc7 Rxc7 18. a5 bxa5 19. Rxa5 a6 20. f3 Rfc8 21. Rb1 Kf8 22. Kf2 Ke7 23. Ke3 Ra8 24. Rb4 Nb7 25. Raa4 a5 26. Rb1 Nd6 27. Kd3 Rac8 28. Rxa5 Nxc4 29. Ra4 Ne5+ 30. Ke4 f6 31. Nb5 Rc5 32. f4 Nf7 33. Rb3 Rxb5 0-1

[Event "*** SCC Grand Prix: Titled Tuesday Blitz"]
[Site "Chess.com"]
[Date "2020.07.21"]
[Round "9"]
[White "MVM2008"]
[Black "ajdemipopushi"]
[Result "0-1"]
[WhiteElo "2179"]
[BlackElo "2346"]
[TimeControl "180+1"]
[EndTime "11:46:40 PDT"]
[Termination "ajdemipopushi won by resignation"]

1. e4 c5 2. Nf3 g6 3. c4 Bg7 4. d4 cxd4 5. Nxd4 Nc6 6. Be3 Nf6 7. f3 O-O 8. Nc3 Nxd4 9. Bxd4 d6 10. Be2 Qa5 11. O-O Be6 12. b3 Rfc8 13. Rc1 a6 14. Qd2 b5 15. cxb5 axb5 16. Rfd1 b4 17. Nd5 Nxd5 18.
Bxg7 Nc3 19. Bxc3 bxc3 20. Qd4 Qxa2 21. Bc4 Bxc4 22. bxc4 Qxc4 23. Qxc4 Rxc4 24. Rd3 Rac8 25. Rc2 f5 26. exf5 gxf5 27. Kf2 Kf7 28. Ke3 R8c5 29. Rd4 Rxd4 30. Kxd4 e5+ 31. Kd3 Ke6 32. g4 fxg4 33. fxg4 d5 34. h4 e4+ 35. Ke3 Ke5 36. g5 d4+ 37.
Kf2 d3 0-1

[Event "*** SCC Grand Prix: Titled Tuesday Blitz"]
[Site "Chess.com"]
[Date "2020.07.21"]
[Round "9"]
[White "warmoatmeal"]
[Black "Nf3c5"]
[Result "0-1"]
[WhiteElo "2350"]
[BlackElo "2551"]
[TimeControl "180+1"]
[EndTime "11:46:43 PDT"]
[Termination "Nf3c5 won by checkmate"]

1. Nf3 c5 2. c4 g6 3. Nc3 Bg7 4. d4 cxd4 5. Nxd4 Nc6 6. Nc2 Nf6 7. e4 d6 8. f3 Nd7 9. Be3 Bxc3+ 10. bxc3 Qa5 11.
Qd2 O-O 12. Be2 Nde5 13. h4 Be6 14.
h5 Bxc4 15. hxg6 fxg6 16. Bd4 Bxe2 17. Kxe2 Rac8 18. Rxh7 Kxh7 19. Rh1+ Kg8 20. Qg5 Qb5+ 21. Kd1 Qb1+ 22. Qc1 Qxc1+ 23. Kxc1 Nxd4 24. Nxd4 Rxc3+ 25. Kb2 Rfc8 26. Ne6 Nd3+ 27. Kb1 Rc1+ 28. Rxc1 Rxc1# 0-1

[Event "*** SCC Grand Prix: Titled Tuesday Blitz"]
[Site "Chess.com"]
[Date "2020.07.21"]
[Round "9"]
[White "Spartakus1975"]
[Black "Iskusnyh"]
[Result "0-1"]
[WhiteElo "2625"]
[BlackElo "2505"]
[TimeControl "180+1"]
[EndTime "11:46:45 PDT"]
[Termination "Iskusnyh won by resignation"]

1. e3 c5 2. e4 Nc6 3. c3 d5 4. d4 cxd4 5. cxd4 dxe4 6. d5 Ne5 7. Qa4+ Nd7 8. Nc3 Nf6 9. Bg5 g6 10. Bxf6 exf6 11. Nxe4 Qe7 12. Ne2 f5 13. N4c3 Bg7 14.
O-O-O O-O 15. d6 Qe5 16. Rd5 Qf6 17. Qa3 Nb6 18. Rd1 Bd7 19. Nd4 Rfc8 20. Kb1 Nc4 21.
Qb4 a5 22. Qb6 Nxb6 0-1

[Event "*** SCC Grand Prix: Titled Tuesday Blitz"]
[Site "Chess.com"]
[Date "2020.07.21"]
[Round "9"]
[White "praveenb2002"]
[Black "WeAintSurePal"]
[Result "1-0"]
[WhiteElo "2753"]
[BlackElo "2323"]
[TimeControl "180+1"]
[EndTime "11:46:46 PDT"]
[Termination "praveenb2002 won by resignation"]

1. e4 c6 2. d4 d5 3. exd5 cxd5 4. c4 Nf6 5. Nc3 Nc6 6. Bg5 Ne4 7. Nxe4 dxe4 8. d5 Ne5 9. Qd4 f6 10. Qxe4 e6 11.
O-O-O Qb6 12. Nh3 Bc5 13. Be3 O-O 14. Bxc5 Qxc5 15. Nf4 exd5 16. Qxd5+ Qxd5 17. Nxd5 Bg4 18. f3 Bh5 19. b3 Rac8 20. Kb2 Kh8 21. Be2 Bf7 22.
f4 Ng6 23. g3 Rfe8 24. Bg4 Rcd8 25. Nc7 Rf8 26. Rxd8 Rxd8 27. Rd1 Rb8 28. Rd7 Kg8 29. Be6 Bxe6 30. Nxe6 Re8 31. f5 Nf8 32. Rxg7+ Kh8 33. Rxb7 Nxe6 34. fxe6 Rxe6 35. Rxa7 Re2+ 36. Kc3 Rxh2 37.
c5 Rg2 38. c6 Rxg3+ 39. Kc4 f5 40. Ra8+ Rg8 41. Rxg8+ Kxg8 42. c7 1-0

[Event "*** SCC Grand Prix: Titled Tuesday Blitz"]
[Site "Chess.com"]
[Date "2020.07.21"]
[Round "9"]
[White "BabyBoss31"]
[Black "Lion-Al-Messi"]
[Result "0-1"]
[WhiteElo "2214"]
[BlackElo "2433"]
[TimeControl "180+1"]
[EndTime "11:46:49 PDT"]
[Termination "Lion-Al-Messi won by resignation"]

1. d4 b6 2. Bf4 Bb7 3. e3 Nf6 4. Nf3 e6 5. Nbd2 Be7 6. h3 O-O 7. Bd3 c5 8. c3 d6 9. O-O Nbd7 10.
Qe2 Qc7 11. e4 e5 12. Bh2 Rad8 13. d5 Rfe8 14. b4 Bf8 15. a4 g6 16. Rfb1 Bg7 17.
a5 Nh5 18. axb6 axb6 19. bxc5 Nxc5 20. Nc4 Nf4 21. Bxf4 exf4 22. Rxb6 Bxd5 23. exd5 Rxe2 24. Bxe2 Ne4 25. Raa6 Nxc3 26. Bf1 Ne4 27. Rc6 Qe7 28.
Rab6 h6 29. Na5 Ra8 30. Nb7 Ra1 31. Nxd6 Nxd6 32. Rxd6 Qe2 33. Nd2 Qxd2 34. Rd8+ Kh7 35. Rbb8 Rxf1+ 0-1

[Event "*** SCC Grand Prix: Titled Tuesday Blitz"]
[Site "Chess.com"]
[Date "2020.07.21"]
[Round "9"]
[White "Bulldog167"]
[Black "GelmanAlexander"]
[Result "1-0"]
[WhiteElo "2743"]
[BlackElo "2578"]
[TimeControl "180+1"]
[EndTime "11:46:51 PDT"]
[Termination "Bulldog167 won by resignation"]

1. c4 c5 2. Nf3 Nf6 3. Nc3 e6 4. e4 d6 5. d4 cxd4 6. Nxd4 a6 7. Be3 Be7 8. Be2 O-O 9. O-O Nbd7 10. f4 Qc7 11. Rc1 b6 12. g4 Bb7 13. Bf3 h6 14. h4 Nc5 15. Qc2 Nh7 16. g5 Rae8 17.
b4 Nd7 18. g6 fxg6 19. Nxe6 Qxc4 20. Nxf8 Rxf8 21. Nd5 Bxd5 22. Qxc4 Bxc4 23. Rxc4 Bxh4 24. Rc6 g5 25. Bg4 Ndf6 26. Be6+ Kh8 27. e5 gxf4 28.
Rxf4 Bg5 29. exf6 Bxf4 30. Bxf4 Nxf6 31. Bxd6 1-0

[Event "*** SCC Grand Prix: Titled Tuesday Blitz"]
[Site "Chess.com"]
[Date "2020.07.21"]
[Round "9"]
[White "Gulkov_Igor"]
[Black "TST2014"]
[Result "0-1"]
[WhiteElo "2383"]
[BlackElo "2513"]
[TimeControl "180+1"]
[EndTime "11:46:51 PDT"]
[Termination "TST2014 won by resignation"]

1. Nf3 Nf6 2. c4 g6 3. Nc3 Bg7 4. e4 O-O 5. d4 d6 6. Be2 e5 7. Be3 Ng4 8. Bg5 f6 9. Bh4 Nc6 10. d5 Ne7 11. Nd2 Nh6 12. f3 c5 13. dxc6 bxc6 14. b4 Be6 15. Bf2 d5 16. cxd5 cxd5 17. exd5 Nxd5 18. Nxd5 Bxd5 19. Nc4 Rc8 20. Rc1 Nf5 21.
O-O Bh6 22. Rc2 Bxc4 23. Rxc4 Ne3 24. Bxe3 Bxe3+ 25. Kh1 Rxc4 26. Bxc4+ Kg7 27. Qb3 Qb6 28. a4 Rb8 29. b5 Rc8 30. Rd1 Bd4 31. Be6 Rc3 32.
Qd5 Qc7 33. Bd7 Rc1 0-1

[Event "*** SCC Grand Prix: Titled Tuesday Blitz"]
[Site "Chess.com"]
[Date "2020.07.21"]
[Round "9"]
[White "AniJak"]
[Black "rugbyclub"]
[Result "1-0"]
[WhiteElo "2306"]
[BlackElo "2133"]
[TimeControl "180+1"]
[EndTime "11:46:52 PDT"]
[Termination "AniJak won by resignation"]

1. e4 c5 2. Nc3 Nc6 3. g3 g6 4. Bg2 Bg7 5. d3 d6 6. Nh3 e5 7. O-O Nge7 8. f4 f5 9. fxe5 dxe5 10.
exf5 Nxf5 11. g4 Nfd4 12. Bg5 Qa5 13. Ne4 Ne6 14. Nd6+ Kd7 15. Nc4 Qa6 16. Bd5 Rf8 17.
Rxf8 Bxf8 18. Qf3 Nxg5 19. Nxg5 Be7 20. Ne6 b5 21. Bxc6+ Kxe6 22. Qd5+ Kf6 23. Qxe5+ Kf7 24. Rf1+ 1-0

[Event "*** SCC Grand Prix: Titled Tuesday Blitz"]
[Site "Chess.com"]
[Date "2020.07.21"]
[Round "9"]
[White "Noam_Vitenberg"]
[Black "krzyzan94"]
[Result "1-0"]
[WhiteElo "2504"]
[BlackElo "2637"]
[TimeControl "180+1"]
[EndTime "11:46:55 PDT"]
[Termination "Noam_Vitenberg won on time"]

1. d4 Nf6 2. c4 g6 3. Nc3 Bg7 4. e4 d6 5. Nf3 O-O 6. Be2 e5 7. Be3 Ng4 8. Bg5 f6 9. Bc1 f5 10. h3 exd4 11. Nxd4 Nxf2 12. Kxf2 fxe4+ 13. Kg1 Qf6 14. Be3 Qe5 15. Ndb5 c6 16. Nc7 Qg3 17.
Qd2 Bh6 18. Bxh6 Rf2 19. Rh2 Bxh3 20. Qg5 Rxg2+ 21. Rxg2 1-0

[Event "*** SCC Grand Prix: Titled Tuesday Blitz"]
[Site "Chess.com"]
[Date "2020.07.21"]
[Round "9"]
[White "ehrenfeld"]
[Black "margarita_2703"]
[Result "1-0"]
[WhiteElo "2516"]
[BlackElo "2389"]
[TimeControl "180+1"]
[EndTime "11:46:56 PDT"]
[Termination "ehrenfeld won by resignation"]

1. e4 Nf6 2. Nc3 e5 3. f4 d5 4. fxe5 Nxe4 5. Qf3 Nxc3 6. bxc3 Be7 7. d4 c5 8. Bd3 h5 9. Ne2 Bg4 10. Qf2 Nc6 11. O-O O-O 12. Be3 c4 13. Bf5 Bxf5 14. Qxf5 g6 15. Qf3 Bg5 16. Bxg5 Qxg5 17. Nf4 Ne7 18.
Rab1 b6 19. Nxd5 Nxd5 20. Qxd5 Qe3+ 21. Kh1 Qxc3 22. Rxf7 Rxf7 23. Qxa8+ Kg7 24. Qe4 Rf2 25. e6 Qxc2 26. Qe5+ Kg8 27. Re1 Rxg2 28. e7 1-0

[Event "*** SCC Grand Prix: Titled Tuesday Blitz"]
[Site "Chess.com"]
[Date "2020.07.21"]
[Round "9"]
[White "aa175"]
[Black "TheWolfSpur"]
[Result "1-0"]
[WhiteElo "2496"]
[BlackElo "2380"]
[TimeControl "180+1"]
[EndTime "11:46:57 PDT"]
[Termination "aa175 won by resignation"]

1. d4 Nf6 2. Nf3 c5 3. c3 b6 4. Bf4 Bb7 5. Nbd2 g6 6. e3 Bg7 7. Bd3 O-O 8. h4 h5 9. e4 cxd4 10. cxd4 d6 11. Ng5 Nc6 12. Ndf3 Rc8 13. a3 Ng4 14. d5 Nce5 15. Nxe5 Nxe5 16. Be2 Qd7 17.
Bxh5 Ba6 18. Bxe5 Bxe5 19. Bg4 f5 20. exf5 gxf5 21. Ne6 Rf6 22. Bxf5 Rc4 23. Bh7+ Kxh7 24. Qh5+ Kg8 25. Qg5+ Kf7 26. Qg7+ Ke8 27. Qg8+ 1-0

[Event "*** SCC Grand Prix: Titled Tuesday Blitz"]
[Site "Chess.com"]
[Date "2020.07.21"]
[Round "9"]
[White "ItsCheckM8Mate"]
[Black "Ariadna_Atreides"]
[Result "1-0"]
[WhiteElo "2298"]
[BlackElo "2111"]
[TimeControl "180+1"]
[EndTime "11:46:58 PDT"]
[Termination "ItsCheckM8Mate won by checkmate"]

1. e4 c5 2. Nf3 d6 3. d4 cxd4 4.
Nxd4 Nf6 5. Nc3 Nc6 6. Bg5 e6 7.
Qd3 a6 8. O-O-O Ne5 9. Qg3 h6 10. Be3 Qc7 11. f4 Nc4 12. Bxc4 Qxc4 13. e5 dxe5 14.
fxe5 Nd5 15. Nxd5 Qxd5 16. Nf5 Qxa2 17. Nxg7+ Bxg7 18. Qxg7 Qa1+ 19. Kd2 Qa5+ 20. Ke2 Rf8 21. Bxh6 Qb5+ 22. Rd3 Qc5 23. Re1 b5 24. Red1 Qxc2+ 25. Kf1 Qc5 26. Rd8+ Ke7 27. Qxf8# 1-0

[Event "*** SCC Grand Prix: Titled Tuesday Blitz"]
[Site "Chess.com"]
[Date "2020.07.21"]
[Round "9"]
[White "Onegust"]
[Black "Agibileg"]
[Result "0-1"]
[WhiteElo "2560"]
[BlackElo "2419"]
[TimeControl "180+1"]
[EndTime "11:46:59 PDT"]
[Termination "Agibileg won by resignation"]

1. d4 Nf6 2. Nf3 c5 3. d5 e6 4. c4 exd5 5. cxd5 d6 6. Nc3 g6 7. e4 Bg7 8. Bd3 O-O 9. O-O Bg4 10. h3 Bxf3 11. Qxf3 a6 12. a4 Nbd7 13. Bf4 Ne8 14. Bc2 Rb8 15. a5 b5 16. Rfe1 Ne5 17. Bxe5 Bxe5 18. Qe2 Qf6 19. Nd1 Nc7 20. Rb1 Rfe8 21. Qd3 c4 22. Qd2 b4 23. Ne3 c3 24. Qe2 cxb2 25. Ng4 Qg7 26. Nxe5 Qxe5 27. Bd3 b3 28. Rxb2 Qd4 29. Reb1 Nxd5 30. Rxb3 Nc3 31. Qb2 Rxb3 32. Qxb3 Nxb1 33. Qxb1 Re5 34. Bxa6 Rxa5 35. Be2 Ra1 0-1

[Event "*** SCC Grand Prix: Titled Tuesday Blitz"]
[Site "Chess.com"]
[Date "2020.07.21"]
[Round "9"]
[White "Bayernbk"]
[Black "theblitzchamp"]
[Result "1-0"]
[WhiteElo "2538"]
[BlackElo "2656"]
[TimeControl "180+1"]
[EndTime "11:47:02 PDT"]
[Termination "Bayernbk won by resignation"]

1. e4 c6 2. Nf3 d5 3. exd5 cxd5 4. Ne5 Nc6 5. d4 Nf6 6. Bb5 Bd7 7. Nxd7 Qxd7 8. c3 e6 9. Nd2 Bd6 10. O-O O-O 11.
Re1 a6 12. Bd3 e5 13. dxe5 Nxe5 14. Nf3 Rfe8 15. Bg5 Nxd3 16. Qxd3 Ne4 17. Bh4 Qf5 18. Rad1 g5 19. Bxg5 f6 20. Bh4 Rad8 21. Bg3 Bc5 22. Nd4 Qg6 23. Qf3 h5 24. Qf5 Qh6 25. Ne6 Nxg3 26.
hxg3 Rd7 27. Nxc5 Rde7 28. Qxd5+ Kh8 29. Rxe7 Rxe7 30. Qd8+ Re8 31. Qxe8+ 1-0

[Event "*** SCC Grand Prix: Titled Tuesday Blitz"]
[Site "Chess.com"]
[Date "2020.07.21"]
[Round "9"]
[White "Margarita2907"]
[Black "Keures"]
[Result "0-1"]
[WhiteElo "2093"]
[BlackElo "2246"]
[TimeControl "180+1"]
[EndTime "11:47:02 PDT"]
[Termination "Keures won by resignation"]

1. e4 e6 2. Nf3 d5 3. exd5 exd5 4. d4 Nf6 5. c3 Bd6 6. Bd3 O-O 7. O-O Bg4 8. Nbd2 Nbd7 9. h3 Bh5 10. Re1 c6 11. Qc2 Qc7 12. a4 Bg6 13. Bxg6 hxg6 14. Nf1 Rfe8 15.
Bg5 Ne4 16. Be3 Ndf6 17. a5 Nh5 18. N1d2 f5 19. c4 f4 20. Nxe4 dxe4 21. c5 fxe3 22. cxd6 exf2+ 23. Kxf2 Qxd6 24. Rxe4 Qg3+ 25. Kg1 Nf4 26.
Rxf4 Qxf4 27. Qxg6 Qf6 28. Qd3 Rad8 29. Qb3+ Qf7 30.
Qc3 Rd7 31. Ne5 Qd5 32. Nxd7 Qxd7 33. Rf1 Rd8 34. Qc4+ Qd5 35. Qb3 Qxb3 0-1

[Event "*** SCC Grand Prix: Titled Tuesday Blitz"]
[Site "Chess.com"]
[Date "2020.07.21"]
[Round "9"]
[White "Oglob71"]
[Black "jb2mix"]
[Result "0-1"]
[WhiteElo "2520"]
[BlackElo "2678"]
[TimeControl "180+1"]
[EndTime "11:47:10 PDT"]
[Termination "jb2mix won by resignation"]

1. d4 Nf6 2. Nf3 g6 3. c4 Bg7 4.
Nc3 O-O 5. Bg5 d6 6. e3 Na6 7. h3 c5 8. d5 Nc7 9. a4 Rb8 10.
Bd3 a6 11. a5 b5 12. axb6 Rxb6 13. Qc2 Bd7 14. O-O Qb8 15. Ra2 Qb7 16. Nd2 Rb8 17. b3 e6 18. e4 exd5 19. exd5 h6 20. Bf4 Nh5 21. Bh2 Rxb3 22. Nxb3 Qxb3 23. Ne4 Bf5 24.
Bxd6 Qxc2 25. Rxc2 Rc8 26. g4 Bxe4 27. Bxe4 Ne8 28. Bxc5 Nhf6 29. d6 Rxc5 30. Rd1 Nxd6 31. Rxd6 Nxe4 32. Rxa6 Bd4 33. Ra4 h5 34. Kg2 h4 35. Ra8+ Kg7 36. Rd8 Bf6 37. Rd5 Rc6 38. f3 Nc3 39. Rd3 Rxc4 40. g5 Be5 41. Re3 Nd5 42.
Ree2 Rxc2 43. Rxc2 Ne3+ 44. Kf2 Nxc2 0-1

[Event "*** SCC Grand Prix: Titled Tuesday Blitz"]
[Site "Chess.com"]
[Date "2020.07.21"]
[Round "9"]
[White "pastouche06"]
[Black "KaterynaLagno"]
[Result "0-1"]
[WhiteElo "2524"]
[BlackElo "2720"]
[TimeControl "180+1"]
[EndTime "11:47:11 PDT"]
[Termination "KaterynaLagno won by resignation"]

1. d4 Nf6 2. c4 g6 3. Nc3 d5 4. cxd5 Nxd5 5. e4 Nxc3 6. bxc3 Bg7 7. Be3 O-O 8. Nf3 c5 9. Qd2 Qa5 10. Rc1 Rd8 11. d5 e6 12. c4 Qxd2+ 13. Nxd2 Na6 14.
Be2 f5 15. exf5 exd5 16. cxd5 Bxf5 17. Bxa6 bxa6 18. O-O Rxd5 19. Rxc5 Rad8 20. Rxd5 Rxd5 21. Nb3 a5 22. Bxa7 a4 23. Nc1 a3 24. Be3 Bb2 25. h3 Bc2 26. Re1 Kf7 27. g4 Bc3 28. Re2 Bd1 29. Kf1 Rb5 30. Nb3 Bxe2+ 31. Kxe2 Rxb3 32.
axb3 a2 0-1

[Event "*** SCC Grand Prix: Titled Tuesday Blitz"]
[Site "Chess.com"]
[Date "2020.07.21"]
[Round "9"]
[White "Manukyan_Artak"]
[Black "FMJoseHerrera"]
[Result "1-0"]
[WhiteElo "2396"]
[BlackElo "2483"]
[TimeControl "180+1"]
[EndTime "11:47:15 PDT"]
[Termination "Manukyan_Artak won by resignation"]

1. e4 f6 2. d4 g6 3. c4 Kf7 4. Nc3 Kg7 5. f4 c6 6. Nf3 h5 7. Bd3 Nh6 8. Be3 Ng4 9. Bg1 c5 10. dxc5 e5 11. h3 Nh6 12. fxe5 fxe5 13. Qd2 Nc6 14.
O-O-O Qa5 15. Nd5 Qxa2 16. Qg5 Ng8 17. Nxe5 Nxe5 18. Qxe5+ Kh7 19. g4 Bg7 20. Qxg7+ Kxg7 21. Bd4+ Kh7 22. gxh5 Nh6 23. hxg6+ Kg8 24. Ne7+ 1-0

[Event "*** SCC Grand Prix: Titled Tuesday Blitz"]
[Site "Chess.com"]
[Date "2020.07.21"]
[Round "9"]
[White "VladimirBugayev"]
[Black "jamalm2"]
[Result "1-0"]
[WhiteElo "2151"]
[BlackElo "1861"]
[TimeControl "180+1"]
[EndTime "11:47:15 PDT"]
[Termination "VladimirBugayev won by checkmate"]

1. e4 c5 2. a3 e6 3. b4 cxb4 4. axb4 Bxb4 5. Bb2 Nf6 6. e5 Nd5 7. c4 Nb6 8. Ra3 Bxa3 9. Bxa3 Nc6 10. Bd6 Qh4 11. Nf3 Qe4+ 12. Be2 Nd4 13. Nc3 Nxf3+ 14. gxf3 Qh4 15. Rg1 Nxc4 16. Rg4 Qxh2 17. Bxc4 Qh1+ 18. Bf1 b6 19. Qe2 Bb7 20. Ne4 O-O-O 21. Qc4+ Bc6 22. Qa6+ Bb7 23. Qxa7 Bxe4 24. Qc7# 1-0

[Event "*** SCC Grand Prix: Titled Tuesday Blitz"]
[Site "Chess.com"]
[Date "2020.07.21"]
[Round "9"]
[White "LyonBeast"]
[Black "ChessWarrior7197"]
[Result "1/2-1/2"]
[WhiteElo "3027"]
[BlackElo "2920"]
[TimeControl "180+1"]
[EndTime "11:47:17 PDT"]
[Termination "Game drawn by repetition"]

1. Nf3 Nf6 2. g3 d5 3. Bg2 e6 4. O-O Be7 5. b3 O-O 6. Bb2 c5 7. e3 Nc6 8. d3 b6 9. Nbd2 Bb7 10. c4 dxc4 11. Nxc4 Nb4 12. Nce5 Nd7 13. a3 Nxe5 14. Nxe5 Bxg2 15. Kxg2 Nd5 16. e4 Nc7 17. b4 Qe8 18. bxc5 bxc5 19. Nc4 Rd8 20. Qc2 Nb5 21. Rfd1 Nd4 22.
Bxd4 Rxd4 23. Rab1 Qc6 24. Rb3 f5 25. Re1 Rfd8 26. Kg1 fxe4 27. Rxe4 Rxe4 28. dxe4 Bf6 29. e5 Be7 30. Rd3 Rd4 31. Qb3 Qd5 32. Rxd4 cxd4 33.
Qd3 Bc5 34. h4 Qb7 35. Kh2 Qd5 36. Kg1 Qb7 37. Kh2 Qd5 38. Kg1 1/2-1/2

[Event "*** SCC Grand Prix: Titled Tuesday Blitz"]
[Site "Chess.com"]
[Date "2020.07.21"]
[Round "9"]
[White "benko_008"]
[Black "NotFischer"]
[Result "1-0"]
[WhiteElo "2426"]
[BlackElo "2246"]
[TimeControl "180+1"]
[EndTime "11:47:18 PDT"]
[Termination "benko_008 won by resignation"]

1. d4 Nf6 2. c4 e6 3. Nf3 d5 4.
Nc3 Be7 5. cxd5 exd5 6. Bg5 Nbd7 7.
e3 c6 8. Qc2 O-O 9. Bd3 Re8 10.
O-O Nf8 11. h3 g6 12. Bh6 Ne6 13. Ne5 Ng7 14. g4 Bd6 15. f4 Ne4 16. Bxe4 dxe4 17. Nxe4 f5 18. Nxd6 Qxd6 19. Bxg7 Kxg7 20. Qb3 Qe6 21.
Qxe6 Bxe6 22. Kf2 fxg4 23. hxg4 Bd5 24. Kg3 Be4 25. Rac1 Rac8 26. Rf2 Rf8 27. Rh2 Kg8 28. g5 Rc7 29. Ng4 Kh8 30. Nf6 Bf5 31. e4 Be6 32.
d5 Bg8 33. d6 Rcc8 34. e5 1-0

[Event "*** SCC Grand Prix: Titled Tuesday Blitz"]
[Site "Chess.com"]
[Date "2020.07.21"]
[Round "9"]
[White "Cambek64"]
[Black "amatatanav"]
[Result "1-0"]
[WhiteElo "2357"]
[BlackElo "2472"]
[TimeControl "180+1"]
[EndTime "11:47:20 PDT"]
[Termination "Cambek64 won by resignation"]

1. d4 Nf6 2. Nf3 e6 3. Bf4 b6 4.
e3 Bb7 5. h3 Be7 6. c4 O-O 7.
Nc3 d5 8. Bd3 Nbd7 9. O-O c5 10.
cxd5 Nxd5 11. Nxd5 Bxd5 12. Qe2 cxd4 13. exd4 Rc8 14. Ba6 Ra8 15. Rfd1 h6 16. Ne5 Nxe5 17.
dxe5 Qb8 18. Rd3 Rd8 19. Rg3 Kh7 20. Bd3+ Kh8 21. Qh5 Bf8 22. Rxg7 Bxg7 23. Bxh6 Qxe5 24. Bxg7+ Kxg7 25. Qxe5+ 1-0

[Event "*** SCC Grand Prix: Titled Tuesday Blitz"]
[Site "Chess.com"]
[Date "2020.07.21"]
[Round "9"]
[White "Paladin61"]
[Black "Gabix_94"]
[Result "0-1"]
[WhiteElo "2645"]
[BlackElo "2886"]
[TimeControl "180+1"]
[EndTime "11:47:21 PDT"]
[Termination "Gabix_94 won on time"]

1. b3 e5 2. Bb2 Nc6 3. e3 a6 4. c4 Nf6 5. a3 d5 6. cxd5 Nxd5 7. Qc2 g6 8. Nf3 Bg7 9. d3 O-O 10. Be2 h6 11. Nbd2 Be6 12. O-O f5 13. Nc4 e4 14.
dxe4 fxe4 15. Nfd2 Bf5 16. Bxg7 Kxg7 17. Nxe4 Kh7 18.
Rad1 Qe7 19. Bd3 Rad8 20. Ng3 Bxd3 21. Rxd3 Ndb4 22. axb4 Nxb4 23. Qb1 Rxd3 24. Ne2 b5 25. Na5 c5 26. Nf4 Rd6 27. g3 Nd5 28. Nxd5 Rxd5 29. h4 h5 30. e4 Rd2 31. Qe1 Ra2 32. e5 Rf5 33. Nc6 Qe6 34. Qe4 Rd2 35. f4 Qxb3 0-1

[Event "*** SCC Grand Prix: Titled Tuesday Blitz"]
[Site "Chess.com"]
[Date "2020.07.21"]
[Round "9"]
[White "checkmatequen"]
[Black "Happy1712Drummer"]
[Result "1/2-1/2"]
[WhiteElo "2322"]
[BlackElo "2427"]
[TimeControl "180+1"]
[EndTime "11:47:21 PDT"]
[Termination "Game drawn by agreement"]

1. e4 c6 2. d4 d5 3. Nc3 dxe4 4.
Nxe4 Nf6 5. Nxf6+ exf6 6. c3 Bd6 7. Bd3 O-O 8. Ne2 Re8 9. O-O Qc7 10. Ng3 Nd7 11. Qf3 Nf8 12. h3 Ng6 13. Nf5 Bf8 14.
Bd2 Be6 15. Rfe1 Bd5 16. Qg4 b5 17. h4 Kh8 18. h5 Ne7 19. Bf4 Qd7 20. Nh6 Qxg4 21.
Nxg4 h6 22. b3 Be6 23. Ne3 Nd5 24. Nxd5 Bxd5 25. c4 bxc4 26. bxc4 Be6 27. Rac1 Ba3 28. Rc2 Rad8 29. Be3 f5 30. f3 Bb4 31. Rb1 Be7 32.
Bf2 Bf6 33. d5 cxd5 34. c5 d4 35. c6 Rc8 36. c7 Be5 37. Rb7 Re7 38. Rxa7 Rexc7 39.
Raxc7 Rxc7 40. Rxc7 Bxc7 41. Bxd4 Bxa2 1/2-1/2

[Event "*** SCC Grand Prix: Titled Tuesday Blitz"]
[Site "Chess.com"]
[Date "2020.07.21"]
[Round "9"]
[White "aNaartjieZA"]
[Black "JuliaEfremova"]
[Result "1-0"]
[WhiteElo "2457"]
[BlackElo "2342"]
[TimeControl "180+1"]
[EndTime "11:47:23 PDT"]
[Termination "aNaartjieZA won by resignation"]

1. e4 d5 2. exd5 Qxd5 3. Nc3 Qa5 4. Nf3 Nf6 5. Bc4 Bg4 6. h3 Bxf3 7. Qxf3 c6 8. O-O e6 9. d3 Bd6 10. Re1 O-O 11. Bd2 Qc7 12. Ne4 Bh2+ 13. Kh1 Be5 14. c3 c5 15. Nxf6+ Bxf6 16. Bf4 Qb6 17. Re2 Nc6 18. a3 Rac8 19. Qg3 Na5 20. Ba2 c4 21. d4 Qc6 22. Rae1 b5 23. Bb1 Qd7 24. Be5 Bxe5 25. Rxe5 a6 26. Rh5 g6 27. Rhe5 Nc6 28. R5e4 Ne7 29. Re5 Nd5 30. h4 Rfe8 31. h5 Qd8 32. hxg6 Qf6 33. gxh7+ Kh8 34. Kg1 Ne7 35. Rg5 Qh6 36. f4 Nf5 37. Bxf5 exf5 38. Rxe8+ 1-0

[Event "*** SCC Grand Prix: Titled Tuesday Blitz"]
[Site "Chess.com"]
[Date "2020.07.21"]
[Round "9"]
[White "grunbergmihai"]
[Black "ambaixador"]
[Result "1-0"]
[WhiteElo "2436"]
[BlackElo "2323"]
[TimeControl "180+1"]
[EndTime "11:47:23 PDT"]
[Termination "grunbergmihai won by checkmate"]

1. e4 c6 2. Nf3 d5 3. Nc3 dxe4 4.
Nxe4 Nf6 5. Ng3 Bg4 6. Bc4 e6 7. d3 Nbd7 8. Bb3 Be7 9. h3 Bxf3 10. Qxf3 O-O 11. O-O Nc5 12. Ne4 Nxb3 13. axb3 Qd5 14. Be3 a6 15. Rfd1 Rfd8 16. h4 Qe5 17. g3 Nxe4 18.
Qxe4 Qxb2 19. Qc4 Qe5 20. d4 Qd5 21. Qe2 Qe4 22. Rd3 Bf6 23. Rad1 g6 24. h5 Qf5 25. g4 Qb5 26. c4 Qb4 27. Kg2 g5 28.
Qf3 Qe7 29. h6 a5 30. d5 exd5 31. cxd5 cxd5 32. Rxd5 Rxd5 33. Rxd5 Be5 34. Qf5 f6 35. Rd7 Qf8 36. Qxh7# 1-0

[Event "*** SCC Grand Prix: Titled Tuesday Blitz"]
[Site "Chess.com"]
[Date "2020.07.21"]
[Round "9"]
[White "swimmerchess"]
[Black "bugsbunny444"]
[Result "1-0"]
[WhiteElo "2808"]
[BlackElo "2592"]
[TimeControl "180+1"]
[EndTime "11:47:24 PDT"]
[Termination "swimmerchess won by resignation"]

1. e4 c5 2. Nf3 e6 3. d4 cxd4 4. Nxd4 a6 5. Nc3 Qc7 6. Bd3 Nf6 7. O-O Bc5 8. Nb3 Be7 9. Kh1 d6 10. f4 Nbd7 11. Qf3 b5 12. a3 Bb7 13. Be3 Nc5 14. Rae1 O-O 15. Qh3 Ncxe4 16. Bd4 d5 17. Nd2 Rfd8 18.
Nf3 h6 19. Ne5 Bc5 20. Ne2 Nd2 21. Rg1 Nfe4 22. Qe3 Rac8 23. g4 Nc4 24. Qf3 Bxd4 25. Nxd4 Nxb2 26. g5 hxg5 27. h4 gxf4 28. Qxf4 Nxd3 29.
cxd3 f6 30. Nxe6 Qxe5 31. Rxg7+ 1-0